[Event "Titled Tuesday Blitz January 10 Early 2023"]
[White "Ljukin, Sergei"]
[Black "Barria Zuniga, Daniel"]
[WhiteFideId "14102200"]
[BlackFideId "3400816"]
[WhiteElo "2362"]
[BlackElo "2341"]
[Result "1-0"]
[Round "07"]
[TimeControl "180+2"]
[Date "2023.01.10"]
[WhiteClock "0:01:34"]
[BlackClock "0:01:05"]

1. e4 c5 2. Nf3 Nc6 3. d4 cxd4 4. Nxd4 e6 5. Nc3 a6 6. Nxc6 bxc6 7. Bd3 Ne7 8. e5 Ng6 9. f4 d6 10. exd6 Bxd6 11. O-O O-O 12. Ne4 Be7 13. Ng5 h6 14. Nxf7 Kxf7 15. Qh5 Qd4+ 16. Kh1 Qf6 17. Bd2 Rd8 18. Bc3 Rd5 19. f5 Qg5 20. Qxg6+ Qxg6 21. fxg6+ Kg8 22. Rf7 Bf8 23. Raf1 e5 24. Rxf8# 1-0


[Site "https://www.chess.com"]

[Event "Titled Tuesday Blitz January 10 Early 2023"]
[White "Demin, Vladimir"]
[Black "Tymrakiewicz, Rafal"]
[WhiteFideId "4167457"]
[BlackFideId "1108832"]
[WhiteElo "2430"]
[BlackElo "2144"]
[Result "0-1"]
[Round "07"]
[TimeControl "180+2"]
[Date "2023.01.10"]
[WhiteClock "0:00:37"]
[BlackClock "0:00:04"]

1. d4 Nf6 2. Nc3 g6 3. e4 d5 4. e5 Ne4 5. Nxe4 dxe4 6. Be3 Bg7 7. Ne2 c5 8. dxc5 Qxd1+ 9. Rxd1 Bxe5 10. c3 Nc6 11. f3 exf3 12. gxf3 Be6 13. Nd4 Bxa2 14. Bb5 Bxd4 15. Rxd4 O-O 16. Rd7 a6 17. Bxc6 bxc6 18. Rxe7 Rfe8 19. Rxe8+ Rxe8 20. Kf2 Rb8 21. b4 Rd8 22. Re1 f6 23. h4 Kf7 24. Bd4 Bc4 25. Re4 Bd5 26. Rf4 f5 27. h5 Re8 28. hxg6+ hxg6 29. Rh4 g5 30. Rh6 Re6 31. Rh7+ Kg6 32. Ra7 Bc4 33. Kg3 Re1 34. Rc7 f4+ 35. Kg2 Re2+ 36. Kh1 Bd5 37. Ra7 Bxf3+ 38. Kg1 Bd5 39. Rxa6 g4 40. b5 g3 41. Kf1 f3 42. bxc6 g2+ 43. Kg1 Re1+ 44. Kf2 g1=Q# 0-1


[Site "https://www.chess.com"]

[Event "Titled Tuesday Blitz January 10 Early 2023"]
[White "Barrientos, Sergio E"]
[Black "Goldin, Roman"]
[WhiteFideId "4401824"]
[BlackFideId "2803860"]
[WhiteElo "2479"]
[BlackElo "2322"]
[Result "1-0"]
[Round "07"]
[TimeControl "180+2"]
[Date "2023.01.10"]
[WhiteClock "0:00:50"]
[BlackClock "0:00:01"]

1. d4 Nf6 2. Nf3 b5 3. e4 Nxe4 4. Bxb5 Bb7 5. O-O e6 6. c4 Be7 7. Re1 O-O 8. Nc3 Nxc3 9. bxc3 d6 10. Bf4 Nd7 11. Rb1 Rb8 12. Qd3 Nf6 13. h3 c6 14. Ba4 Qa5 15. Bc2 g6 16. Bg5 Ba6 17. Bb3 Rfe8 18. Qd2 c5 19. Qf4 Nh5 20. Qh4 Bxg5 21. Nxg5 Qxc3 22. Red1 cxd4 23. Ne4 Qa5 24. g4 d5 25. Nd6 Qd8 26. Qxd8 Rexd8 27. c5 Nf4 28. Ba4 Ne2+ 29. Kh2 Nc3 30. Rxb8 Rxb8 31. Rxd4 Bc4 32. c6 1-0


[Site "https://www.chess.com"]

[Event "Titled Tuesday Blitz January 10 Early 2023"]
[White "Boder, Jan"]
[Black "Szpar, Milosz"]
[WhiteFideId "16243226"]
[BlackFideId "1184989"]
[WhiteElo "2294"]
[BlackElo "2447"]
[Result "0-1"]
[Round "07"]
[TimeControl "180+2"]
[Date "2023.01.10"]
[WhiteClock "0:00:06"]
[BlackClock "0:01:14"]

1. b3 d5 2. Bb2 Bg4 3. f3 Bh5 4. h4 h6 5. g4 Qd6 6. Nh3 Qg3+ 7. Nf2 Bg6 8. h5 Bh7 9. Nc3 Nf6 10. Rh3 Qd6 11. e3 c5 12. Bd3 Bxd3 13. Nxd3 e6 14. Nb5 Qd7 15. a4 Nc6 16. Ne5 Nxe5 17. Bxe5 Rc8 18. Nxa7 Ra8 19. Nb5 Rc8 20. Bxf6 gxf6 21. Qe2 c4 22. Kf2 Rg8 23. Rhh1 Bc5 24. bxc4 dxc4 25. c3 f5 26. gxf5 exf5 27. Rag1 Kf8 28. Nd4 f4 29. Rxg8+ Kxg8 30. Rg1+ Kh8 31. Qxc4 Ba7 32. Qb5 fxe3+ 33. dxe3 Qe7 34. f4 Rc5 35. Qe2 Rxc3 36. Rg3 Bxd4 37. Qg4 Bxe3+ 38. Kg2 Qe4+ 39. Kh3 Qh1# 0-1


[Site "https://www.chess.com"]

[Event "Titled Tuesday Blitz January 10 Early 2023"]
[White "Jakubowski, Krzysztof"]
[Black "Sreyas Payyappat"]
[WhiteFideId "1112848"]
[BlackFideId "46674969"]
[WhiteElo "2486"]
[BlackElo "2076"]
[Result "1-0"]
[Round "07"]
[TimeControl "180+2"]
[Date "2023.01.10"]
[WhiteClock "0:00:18"]
[BlackClock "0:00:26"]

1. e4 c5 2. Nf3 d6 3. d4 cxd4 4. Nxd4 Nf6 5. Nc3 a6 6. Bg5 Nbd7 7. Qe2 e6 8. O-O-O Be7 9. f4 h6 10. Bxf6 Bxf6 11. g4 O-O 12. h4 Bxh4 13. g5 hxg5 14. Qh2 Nf6 15. Be2 e5 16. fxe5 dxe5 17. Nf5 Qb6 18. Nxh4 gxh4 19. Qxh4 Qe3+ 20. Kb1 Qh6 21. Qf2 Qf4 22. Qg2 Nh7 23. Rdf1 Qg5 24. Qh2 Qg6 25. Rfg1 1-0


[Site "https://www.chess.com"]

[Event "Titled Tuesday Blitz January 10 Early 2023"]
[White "Erzhanov, Arman"]
[Black "Mohamed Anees M"]
[WhiteFideId "4138821"]
[BlackFideId "35065815"]
[WhiteElo "2228"]
[BlackElo "2315"]
[Result "0-1"]
[Round "07"]
[TimeControl "180+2"]
[Date "2023.01.10"]
[WhiteClock "0:00:06"]
[BlackClock "0:01:15"]

1. e4 c5 2. Nf3 e6 3. b3 Nc6 4. Bb5 Nge7 5. Bb2 a6 6. Bxc6 Nxc6 7. O-O d6 8. d4 cxd4 9. Nxd4 Be7 10. Nxc6 bxc6 11. Bxg7 Rg8 12. Bb2 e5 13. Qh5 Rg7 14. f4 Qb6+ 15. Kh1 Bg4 16. Qh6 Rg6 17. Qxh7 exf4 18. Rxf4 Be6 19. Qh8+ Bf8 20. Bd4 Qb5 21. Nd2 Qg5 22. Rf2 Rh6 23. Nf3 Qg6 24. Qf6 Qxf6 25. Bxf6 Rxf6 26. c4 O-O-O 27. Rd1 Rf4 28. Re1 Bg7 29. g3 Rg4 30. Kg2 d5 31. exd5 cxd5 32. Ne5 Bxe5 33. Rxe5 dxc4 34. bxc4 Rxc4 35. h4 Rg8 36. h5 Rcg4 37. Rf3 R4g5 38. Rc3+ Kd7 39. Rd3+ Ke7 40. Rxg5 Rxg5 41. Ra3 Bc4 42. h6 Rh5 43. Rc3 Bd5+ 44. Kf2 Rxh6 45. Rc7+ Kd6 46. Ra7 Rh2+ 47. Ke3 Rxa2 48. g4 Be6 49. g5 a5 50. Ra6+ Ke5 51. Ra8 Kf5 52. Rg8 a4 53. g6 fxg6 54. Rb8 a3 55. Rb5+ Kf6 56. Kf4 Ra1 57. Ra5 a2 58. Ke3 Re1+ 59. Kd2 a1=Q 60. Rxa1 Rxa1 61. Kc2 Ke5 0-1


[Site "https://www.chess.com"]

[Event "Titled Tuesday Blitz January 10 Early 2023"]
[White "Jaskolka, Tomasz"]
[Black "Bodnaruk, Anastasia"]
[WhiteFideId "1170791"]
[BlackFideId "4181751"]
[WhiteElo "2238"]
[BlackElo "2350"]
[Result "1-0"]
[Round "07"]
[TimeControl "180+2"]
[Date "2023.01.10"]
[WhiteClock "0:00:04"]
[BlackClock "0:00:03"]

1. e4 c5 2. Nf3 d6 3. Bb5+ Nd7 4. O-O a6 5. Be2 Ngf6 6. d3 g6 7. c3 Bg7 8. Bg5 O-O 9. Nbd2 b5 10. a4 Bb7 11. axb5 axb5 12. Qb3 Bc6 13. h3 Qc7 14. Be3 e6 15. d4 c4 16. Qc2 Qb7 17. e5 dxe5 18. dxe5 Nd5 19. Bd4 Nf4 20. Rfe1 Nb6 21. Bf1 Rfd8 22. Rxa8 Rxa8 23. Ne4 Ra2 24. Nd6 Qa6 25. Qd2 Nfd5 26. Ng5 Na4 27. Qe2 Ndxc3 28. Qg4 Rxb2 29. Ngxf7 Bd5 30. Qh4 Qa8 31. Nh6+ Bxh6 32. Qxh6 b4 33. Re3 Rb1 34. Rg3 Be4 35. Nxe4 Qxe4 36. Kh2 Rxf1 37. Rf3 Qa8 38. Rf7 Kxf7 39. Qxh7+ Kf8 40. Qh8+ Kf7 41. Qxa8 b3 42. Qb7+ Kg8 43. Qc8+ Kf7 44. Qc7+ Kf8 45. Qxc4 b2 46. Bc5+ Nxc5 47. Qxc5+ Kf7 48. Qc7+ Kf8 49. Qd8+ Kf7 50. Qf6+ Ke8 51. Qxe6+ Kd8 52. Qd6+ Kc8 53. Qc6+ Kd8 54. Qd6+ Ke8 55. Qxg6+ Ke7 56. Qd6+ Kf7 57. Qf6+ Kg8 58. Qd8+ Kg7 59. Qc7+ Kg6 60. Qc6+ Kf5 61. Qf6+ Ke4 62. Qf3+ Kxe5 63. Qxc3+ Ke4 64. Qxb2 1-0


[Site "https://www.chess.com"]

[Event "Titled Tuesday Blitz January 10 Early 2023"]
[White "Flynn, Jacob"]
[Black "Spata, German"]
[WhiteFideId "2509393"]
[BlackFideId "113026"]
[WhiteElo "2102"]
[BlackElo "2383"]
[Result "1-0"]
[Round "07"]
[TimeControl "180+2"]
[Date "2023.01.10"]
[WhiteClock "0:02:01"]
[BlackClock "0:02:05"]

1. d4 e6 2. Nf3 Nf6 3. c4 c5 4. d5 exd5 5. cxd5 g6 6. Nc3 Bg7 7. Bf4 d6 8. Qa4+ Kf8 9. e3 h6 10. Nd2 Kg8 11. Qb3 Ne8 12. Be2 a6 13. a4 Nd7 14. O-O Qb6 15. Qxb6 Nxb6 16. a5 Nd7 17. Nc4 Bf8 18. Ne4 Ndf6 19. Nexd6 Nxd5 20. Nxe8 Nxf4 1-0


[Site "https://www.chess.com"]

[Event "Titled Tuesday Blitz January 10 Early 2023"]
[White "Fiorito, Joaquin"]
[Black "Girsh, Daniel"]
[WhiteFideId "180173"]
[BlackFideId "30949190"]
[WhiteElo "2405"]
[BlackElo "2123"]
[Result "1-0"]
[Round "07"]
[TimeControl "180+2"]
[Date "2023.01.10"]
[WhiteClock "0:01:39"]
[BlackClock "0:00:35"]

1. d4 Nf6 2. Nc3 d5 3. Bf4 e6 4. Nb5 Na6 5. e3 Be7 6. Nf3 O-O 7. Be2 c6 8. Nc3 c5 9. O-O Bd7 10. Ne5 Rc8 11. Nb5 Qb6 12. a4 c4 13. Nxd7 Nxd7 14. c3 Nab8 15. Rb1 a6 16. Na3 Nc6 17. b4 cxb3 18. Rxb3 Qa5 19. Rxb7 Bxa3 20. Rxd7 Qxc3 21. Bxa6 Nb8 22. Bxc8 Rxc8 23. Bxb8 Rxb8 24. Qf3 Rf8 25. Qe2 h6 26. g3 Rb8 27. Qf3 Rf8 28. Rb1 Qc6 29. Rbb7 Qxa4 30. Rxf7 Qe8 31. Rxg7+ Kh8 32. Rh7+ Kg8 33. Rbg7# 1-0


[Site "https://www.chess.com"]

[Event "Titled Tuesday Blitz January 10 Early 2023"]
[White "Czernek, Tymon"]
[Black "Dudzinski, Pawel"]
[WhiteFideId "1199510"]
[BlackFideId "1117890"]
[WhiteElo "2314"]
[BlackElo "2186"]
[Result "1-0"]
[Round "07"]
[TimeControl "180+2"]
[Date "2023.01.10"]
[WhiteClock "0:01:34"]
[BlackClock "0:00:02"]

1. e4 c6 2. d4 d5 3. f3 e6 4. Nc3 Bb4 5. Bd2 dxe4 6. Nxe4 Bxd2+ 7. Qxd2 Nf6 8. O-O-O O-O 9. g4 Nxe4 10. fxe4 e5 11. Be2 Qxd4 12. Qxd4 exd4 13. Rxd4 Be6 14. Nf3 Nd7 15. Ng5 Ne5 16. Nxe6 fxe6 17. Rd6 Rae8 18. Kd2 Rd8 19. Rxd8 Rxd8+ 20. Ke3 Kf7 21. h4 h6 22. g5 Ke7 23. Rg1 hxg5 24. Rxg5 Kf6 25. Bh5 Rh8 26. Kf4 Nf7 27. Bxf7 Kxf7 28. h5 Rh6 29. Ke5 Rf6 30. Rg2 Rh6 31. Rh2 Ke7 32. Rg2 Rxh5+ 33. Kf4 e5+ 34. Kg4 Rh6 35. Kf5 Rf6+ 36. Kxe5 Re6+ 37. Kd4 1-0


[Site "https://www.chess.com"]

[Event "Titled Tuesday Blitz January 10 Early 2023"]
[White "Wahedi, Ahmad Siar"]
[Black "Renjith, Sravan"]
[WhiteFideId "4651260"]
[BlackFideId "4306783"]
[WhiteElo "2274"]
[BlackElo "2172"]
[Result "1-0"]
[Round "07"]
[TimeControl "180+2"]
[Date "2023.01.10"]
[WhiteClock "0:00:08"]
[BlackClock "0:00:01"]

1. e4 e5 2. Nf3 Nc6 3. Bb5 Nf6 4. O-O Nxe4 5. Re1 Nd6 6. Nxe5 Nxe5 7. Rxe5+ Be7 8. Ba4 O-O 9. d4 Bf6 10. Re1 Re8 11. c3 Nf5 12. Nd2 Rxe1+ 13. Qxe1 d5 14. Nf1 c6 15. Bf4 Be6 16. Qe2 Qd7 17. Re1 Re8 18. Qd2 h6 19. f3 Nd6 20. Bxd6 Qxd6 21. g3 Kh7 22. Bc2+ g6 23. Ne3 c5 24. dxc5 Qxc5 25. Kg2 d4 26. cxd4 Bxd4 27. Ng4 Bg7 28. Bb3 Qc6 29. Bxe6 Rxe6 30. Rxe6 Qxe6 31. b3 h5 32. Nf2 Qc6 33. Ne4 Bh6 34. Qd8 Qc2+ 35. Kh3 Qc6 36. Nf6+ Kg7 37. Ne8+ Kh7 38. Nf6+ Kg7 39. Ne8+ Kh7 40. Qe7 Qe6+ 41. Qxe6 fxe6 42. Nc7 e5 43. Nb5 a6 44. Nd6 b5 45. Nb7 Bf8 46. Na5 Kg7 47. Nc6 Kf6 48. Nb8 Bd6 49. Nxa6 Ke6 50. Kg2 Kd5 51. Kf2 Kc6 52. b4 Kd5 53. Ke3 Kc4 54. Ke4 Kc3 55. h3 Kb2 56. g4 hxg4 57. fxg4 Kxa2 58. g5 Ka3 59. h4 Bxb4 60. Nxb4 Kxb4 61. h5 gxh5 62. g6 Kc3 63. g7 b4 64. g8=Q b3 65. Qg1 b2 66. Qb1 h4 67. Kxe5 h3 68. Kf4 h2 69. Ke3 Kb3 70. Kd3 h1=Q 71. Qxh1 Ka3 72. Kc2 b1=N 73. Qxb1 Ka4 74. Qb6 1-0


[Site "https://www.chess.com"]

[Event "Titled Tuesday Blitz January 10 Early 2023"]
[White "Aaditya Dhingra"]
[Black "Salman, Pavel"]
[WhiteFideId "25678191"]
[BlackFideId "24153753"]
[WhiteElo "2027"]
[BlackElo "2287"]
[Result "1-0"]
[Round "07"]
[TimeControl "180+2"]
[Date "2023.01.10"]
[WhiteClock "0:01:02"]
[BlackClock "0:00:30"]

1. b3 Nf6 2. Bb2 c5 3. g3 Nc6 4. Bg2 b6 5. Nf3 Bb7 6. O-O e6 7. d3 Be7 8. e4 d6 9. Nbd2 O-O 10. Nc4 b5 11. Ne3 Qc7 12. h4 Rfe8 13. Nh2 Rad8 14. h5 h6 15. Nhg4 Ne5 16. f4 Nexg4 17. Nxg4 Nxg4 18. Qxg4 e5 19. Rf2 c4 20. Raf1 f6 21. Bc1 Bc8 22. Qg6 exf4 23. Bxf4 Bf8 24. Bxh6 Kh8 25. Be3 Re5 26. h6 Be6 27. Bd4 Rg5 28. Qxg5 fxg5 29. Rxf8+ Kh7 30. hxg7 cxd3 31. Rh8+ Kg6 32. Rf6+ Kxg7 33. Rxe6+ Kf7 34. Rf6+ Ke7 35. Rh7+ 1-0


[Site "https://www.chess.com"]

[Event "Titled Tuesday Blitz January 10 Early 2023"]
[White "Gonzalez, Francisco Silva"]
[Black "Le Ruyet, Leopold"]
[WhiteFideId "1512285"]
[BlackFideId "645923"]
[WhiteElo "2021"]
[BlackElo "2245"]
[Result "0-1"]
[Round "07"]
[TimeControl "180+2"]
[Date "2023.01.10"]
[WhiteClock "0:01:21"]
[BlackClock "0:00:33"]

1. d4 Nf6 2. c4 g6 3. Nc3 Bg7 4. e4 d6 5. f3 O-O 6. Be3 a6 7. Qd2 b5 8. cxb5 axb5 9. Nxb5 c6 10. Nc3 Nbd7 11. Bd3 e5 12. Nge2 exd4 13. Nxd4 Ne5 14. Be2 d5 15. f4 Neg4 16. Nxc6 Qe8 17. Nxd5 Nxd5 18. Bxg4 Nxe3 19. Bxc8 Qxc6 20. Qxe3 Bxb2 21. Rb1 Bc3+ 22. Kf1 Rfxc8 23. Qe2 Qc4 24. Qxc4 Rxc4 25. Rc1 Rxa2 26. g3 Ra1 27. Kg2 Rxc1 28. Rxc1 Rc5 29. Kf3 Bd4 30. Rd1 Rc3+ 31. Kg4 Rc4 32. f5 Be5 33. fxg6 hxg6 34. Kf3 Rc2 35. Rd5 f6 36. g4 Rxh2 37. g5 Rh3+ 38. Kf2 Kf7 39. gxf6 Kxf6 40. Rd8 Ra3 41. Rd5 g5 42. Rd8 g4 43. Rg8 g3+ 44. Ke2 Ra2+ 45. Kf3 Rf2+ 46. Ke3 Bf4+ 47. Kd4 g2 48. Rf8+ Kg7 49. Rf5 g1=Q 50. Rb5 Rc2+ 51. Kd5 Qd1+ 52. Ke6 Qd6+ 53. Kf5 Rc5+ 54. e5 Qxe5+ 55. Kg4 Qf5+ 56. Kh4 Qh5# 0-1


[Site "https://www.chess.com"]

[Event "Titled Tuesday Blitz January 10 Early 2023"]
[White "Yelisieiev, Yevhenii"]
[Black "Dinu, Dumitru-Daniel"]
[WhiteFideId "14139642"]
[BlackFideId "1208403"]
[WhiteElo "2418"]
[BlackElo "2203"]
[Result "1-0"]
[Round "07"]
[TimeControl "180+2"]
[Date "2023.01.10"]
[WhiteClock "0:00:26"]
[BlackClock "0:00:35"]

1. d4 Nf6 2. Nf3 e6 3. c4 Bb4+ 4. Nbd2 O-O 5. a3 Bxd2+ 6. Qxd2 b6 7. e3 Bb7 8. Be2 Qe7 9. b4 a5 10. b5 c6 11. a4 cxb5 12. axb5 d5 13. Ba3 Qe8 14. c5 Ne4 15. Qb2 bxc5 16. dxc5 Nd7 17. c6 Bxc6 18. Bxf8 Bxb5 19. Bxb5 Kxf8 20. O-O Nd6 21. Qa3 Qe7 22. Bxd7 Qxd7 23. Ne5 Qe7 24. Rfc1 f6 25. Rc6 Rd8 26. Nd3 Qd7 27. Rac1 Kg8 28. Qxa5 Nc4 29. Qc7 Qe8 30. Nf4 e5 31. Nxd5 Rxd5 32. R6xc4 h6 33. Qc6 Rd7 34. Qc8 Rd8 35. Qf5 Qb5 36. h4 Qb2 37. Rc8 Rxc8 38. Rxc8+ Kf7 39. Rc7+ Kg8 40. Qg6 Qb1+ 41. Qxb1 1-0


[Site "https://www.chess.com"]

[Event "Titled Tuesday Blitz January 10 Early 2023"]
[White "Ginzburg, Yakov"]
[Black "Bozorov, Makhsum"]
[WhiteFideId "4157176"]
[BlackFideId "14201330"]
[WhiteElo "2405"]
[BlackElo "2145"]
[Result "1-0"]
[Round "07"]
[TimeControl "180+2"]
[Date "2023.01.10"]
[WhiteClock "0:01:17"]
[BlackClock "0:00:44"]

1. e4 e5 2. Nf3 Nf6 3. Nxe5 d6 4. Nf3 Nxe4 5. Nc3 Nxc3 6. dxc3 Be7 7. Bf4 Nc6 8. Qd2 Be6 9. a3 Qd7 10. O-O-O a6 11. h4 O-O-O 12. Nd4 Nxd4 13. cxd4 Bf5 14. f3 h5 15. d5 Bf6 16. Bd3 Rde8 17. Bg5 Bxd3 18. Qxd3 Bxg5+ 19. hxg5 g6 20. Qd4 Kb8 21. Rhe1 Rxe1 22. Rxe1 Re8 23. Re4 Rxe4 24. Qxe4 b6 25. b3 a5 26. Kb2 Kc8 27. Kc3 Kd8 28. a4 Qe7 29. Qxe7+ Kxe7 30. Kc4 f6 31. f4 fxg5 32. fxg5 Kd8 33. Kb5 Kd7 34. g3 Kd8 35. Kc6 Kc8 36. c3 Kb8 37. b4 axb4 38. cxb4 Kc8 39. a5 bxa5 40. bxa5 Kb8 41. a6 1-0


[Site "https://www.chess.com"]

[Event "Titled Tuesday Blitz January 10 Early 2023"]
[White "Leve, Nitai"]
[Black "Pajeken, Jakob Leon"]
[WhiteFideId "2006898"]
[BlackFideId "12942839"]
[WhiteElo "2128"]
[BlackElo "2417"]
[Result "0-1"]
[Round "07"]
[TimeControl "180+2"]
[Date "2023.01.10"]
[WhiteClock "0:00:12"]
[BlackClock "0:00:33"]

1. e4 e5 2. Nf3 Nc6 3. d4 exd4 4. c3 d5 5. exd5 Qxd5 6. cxd4 Bg4 7. Be2 Bb4+ 8. Nc3 Bxf3 9. Bxf3 Qc4 10. Bxc6+ bxc6 11. Qe2+ Qxe2+ 12. Kxe2 O-O-O 13. Be3 Ne7 14. Rac1 Rhe8 15. Rhd1 f5 16. Kf1 h6 17. a3 Bxc3 18. Rxc3 Rd5 19. Rdc1 Kd7 20. b4 a6 21. a4 g5 22. g3 f4 23. gxf4 gxf4 24. Bxf4 Rxd4 25. Rc4 Rxc4 26. Rxc4 Nd5 27. Bxh6 Rh8 28. Bd2 Rxh2 29. Ke2 Rh1 30. f4 Ra1 31. a5 Rh1 32. Kd3 Kd6 33. Re4 Rh3+ 34. Kc4 Rf3 35. Re8 Kd7 36. Ra8 Rf2 37. Kd3 Nxf4+ 38. Ke3 Nh3 39. Rxa6 Rf8 40. Ra7 Nf4 41. Ke4 Nd5 42. Kd4 Rb8 43. Kc4 Kc8 44. Be1 Rb5 45. a6 Kd7 46. Ra8 Nb6+ 0-1


[Site "https://www.chess.com"]

[Event "Titled Tuesday Blitz January 10 Early 2023"]
[White "Crevatin, Leo"]
[Black "Quinones Garcia, Santiago"]
[WhiteFideId "1726307"]
[BlackFideId "4408497"]
[WhiteElo "2292"]
[BlackElo "2248"]
[Result "1-0"]
[Round "07"]
[TimeControl "180+2"]
[Date "2023.01.10"]
[WhiteClock "0:00:39"]
[BlackClock "0:00:02"]

1. d4 Nf6 2. c4 e6 3. Nc3 Bb4 4. e3 b6 5. Bd2 Bb7 6. Nf3 O-O 7. Bd3 d5 8. cxd5 exd5 9. O-O Re8 10. Ne5 a6 11. Be1 Nbd7 12. a3 Bxc3 13. Bxc3 Nxe5 14. dxe5 Ne4 15. Bxe4 dxe4 16. Qg4 Qe7 17. Rfd1 Rad8 18. h4 c5 19. Rd6 b5 20. Rad1 Bc8 21. e6 f5 22. Qg3 Rxd6 23. Rxd6 b4 24. axb4 cxb4 25. Bxb4 Bxe6 26. Qe5 Qf7 27. Bc3 1-0


[Site "https://www.chess.com"]

[Event "Titled Tuesday Blitz January 10 Early 2023"]
[White "Andreev, Konstantin"]
[Black "Derjabin, Ilja"]
[WhiteFideId "24239305"]
[BlackFideId "14104768"]
[WhiteElo "2195"]
[BlackElo "2333"]
[Result "0-1"]
[Round "07"]
[TimeControl "180+2"]
[Date "2023.01.10"]
[WhiteClock "0:01:01"]
[BlackClock "0:00:36"]

1. e4 c5 2. Nf3 d6 3. d3 g6 4. g3 Bg7 5. Bg2 Nc6 6. O-O Nf6 7. c3 O-O 8. h3 b5 9. Be3 b4 10. Nbd2 bxc3 11. bxc3 Ba6 12. Qc2 Rb8 13. Rfb1 Qa5 14. Rb3 Nd7 15. Rab1 Rxb3 16. Rxb3 Rb8 17. Rxb8+ Ndxb8 18. d4 Nd7 19. Bf1 Bxf1 20. Kxf1 Nb6 21. dxc5 dxc5 22. Nb3 Qa4 23. Bxc5 Nc4 24. Nfd4 N6e5 25. f4 Ne3+ 26. Ke2 Nxc2 27. fxe5 Nxd4+ 28. cxd4 Qxa2+ 29. Nd2 e6 30. Kd3 Bf8 31. Bd6 a5 32. Kc3 a4 33. Nc4 Qb3+ 34. Kd2 Qxc4 0-1


[Site "https://www.chess.com"]

[Event "Titled Tuesday Blitz January 10 Early 2023"]
[White "Bilan, Danila"]
[Black "Jimenez, Joaquin"]
[WhiteFideId "24161918"]
[BlackFideId "109860"]
[WhiteElo "2303"]
[BlackElo "2195"]
[Result "1-0"]
[Round "07"]
[TimeControl "180+2"]
[Date "2023.01.10"]
[WhiteClock "0:00:11"]
[BlackClock "0:01:19"]

1. d4 Nf6 2. Nf3 g6 3. Bg5 Bg7 4. c3 O-O 5. Nbd2 d5 6. e3 c5 7. Bd3 Nc6 8. O-O cxd4 9. exd4 Bg4 10. h3 Be6 11. Re1 Qd7 12. Nb3 b6 13. Bb5 Rac8 14. Ne5 Qb7 15. Nxc6 Rxc6 16. Bxc6 Qxc6 17. Nd2 Qd7 18. Qe2 Re8 19. Bxf6 Bxf6 20. Nf3 Bf5 21. Ne5 Qc7 22. Qb5 Rd8 23. Re2 Be4 24. Rae1 Kg7 25. f3 Bf5 26. Ng4 Bh4 27. Rf1 Qg3 28. Ne3 Bxh3 29. f4 Bg4 30. Nxg4 Qxg4 31. Rf3 Bg3 32. Qd3 Bxf4 33. Rxe7 g5 34. Qe2 Qf5 35. Re5 Qg6 36. Re7 Rd6 37. g3 Bc1 38. Rfxf7+ Qxf7 39. Rxf7+ Kxf7 40. Qf1+ Rf6 41. Qxc1 Kg6 42. Qc2+ Kh6 43. Qg2 Rf5 44. Qh3+ Kg6 45. Kg2 h5 46. Qh1 g4 47. Qb1 Kg5 48. Qc1+ Kg6 49. Qc2 Kg5 50. Qd2+ Kg6 51. Qd3 Kg5 52. Qe3+ Kg6 53. Qe6+ Kg5 54. Qe7+ Kg6 55. Qxa7 Kg5 56. Qxb6 Rf3 57. Qa7 1-0


[Site "https://www.chess.com"]

[Event "Titled Tuesday Blitz January 10 Early 2023"]
[White "Srebrnic, Marko"]
[Black "Kalajzic, Ivan"]
[WhiteFideId "14603616"]
[BlackFideId "14506378"]
[WhiteElo "2366"]
[BlackElo "2062"]
[Result "1-0"]
[Round "07"]
[TimeControl "180+2"]
[Date "2023.01.10"]
[WhiteClock "0:00:11"]
[BlackClock "0:00:02"]

1. e4 Nc6 2. Nc3 d6 3. Bc4 g6 4. f4 Bg7 5. Nf3 Nf6 6. O-O Bg4 7. Qe1 Bxf3 8. gxf3 e6 9. d3 O-O 10. Kh1 Nd4 11. Rf2 Nh5 12. Be3 Qh4 13. Qd2 c5 14. Rg1 f5 15. Ne2 Rae8 16. c3 Nxe2 17. Qxe2 Nxf4 18. Qd2 Nh3 19. Rfg2 Nxg1 20. Kxg1 fxe4 21. fxe4 d5 22. exd5 exd5 23. Bxd5+ Kh8 24. Be4 Rxe4 25. dxe4 Qxe4 26. Rf2 Re8 27. Bxc5 Be5 28. Qg5 Qb1+ 29. Rf1 Qe4 30. Bxa7 Bg7 31. Qg2 Qd3 32. Bc5 1-0


[Site "https://www.chess.com"]

[Event "Titled Tuesday Blitz January 10 Early 2023"]
[White "Gjestemoen-VonHirsch, Andre"]
[Black "Turzo, Attila"]
[WhiteFideId "1539531"]
[BlackFideId "704954"]
[WhiteElo "2314"]
[BlackElo "2279"]
[Result "1-0"]
[Round "07"]
[TimeControl "180+2"]
[Date "2023.01.10"]
[WhiteClock "0:00:16"]
[BlackClock "0:00:01"]

1. d4 Nf6 2. Nf3 d5 3. Bf4 c5 4. e3 Nc6 5. Nbd2 Bg4 6. c3 e6 7. h3 Bxf3 8. Qxf3 Bd6 9. Bd3 O-O 10. Bg5 e5 11. Bxf6 Qxf6 12. Qxd5 Rad8 13. Qe4 g6 14. d5 Ne7 15. O-O Qg7 16. Qc4 f5 17. e4 f4 18. Be2 h5 19. Qd3 Qh6 20. h4 Qg7 21. Nf3 Nc8 22. Ng5 Qf6 23. Qh3 Rfe8 24. Ne6 Rd7 25. Bb5 Rde7 26. Bxe8 Rxe8 27. g4 Be7 28. gxh5 gxh5 29. Kh2 Kh8 30. Rg1 Nd6 31. f3 Qxh4 32. Qxh4 Bxh4 33. Rg6 b6 34. Rag1 Bg3+ 35. Kh3 h4 36. Ng5 Nc4 37. b3 Nd2 38. Kg4 Rg8 39. Nf7+ Kh7 40. Rxg8 Kxg8 41. Nxe5 Kf8 42. Nd3 Ke7 43. Nxf4 Kf6 44. Ng2 Bf2 45. Rf1 Bg3 46. Rh1 a5 47. Nxh4 Bc7 48. Nf5 a4 49. Rh6+ Kf7 50. Rh7+ Kg6 51. Rxc7 1-0


[Site "https://www.chess.com"]

[Event "Titled Tuesday Blitz January 10 Early 2023"]
[White "Levitan, Caleb Levi"]
[Black "Fayzullaev, Akmal"]
[WhiteFideId "14332620"]
[BlackFideId "14200554"]
[WhiteElo "2129"]
[BlackElo "2391"]
[Result "1-0"]
[Round "07"]
[TimeControl "180+2"]
[Date "2023.01.10"]
[WhiteClock "0:00:11"]
[BlackClock "0:00:17"]

1. e4 e5 2. Nf3 Nc6 3. Bb5 a6 4. Ba4 Nf6 5. Qe2 b5 6. Bb3 Be7 7. d3 d6 8. c3 O-O 9. Nbd2 Bb7 10. Nf1 Na5 11. Bc2 c5 12. Ng3 g6 13. O-O Qc7 14. Ng5 d5 15. f4 Nc6 16. f5 h6 17. Nh3 g5 18. Nh5 dxe4 19. Nxf6+ Bxf6 20. dxe4 Ne7 21. Qh5 Kg7 22. Nf2 Ng8 23. h4 Qe7 24. Ng4 Rad8 25. hxg5 hxg5 26. Be3 c4 27. Nxf6 Nxf6 28. Qxg5+ Kh8 29. Qh6+ Nh7 30. Rf3 f6 31. Rh3 Rf7 32. Kf2 Rg8 33. Rah1 Rfg7 34. g3 Rf7 35. Bd1 Rgg7 36. Bh5 Bxe4 37. Bxf7 Bxh1 38. Bg6 Bd5 39. Qxh7+ Rxh7 40. Rxh7+ Qxh7 41. Bxh7 Kxh7 42. g4 Be4 43. g5 Bxf5 44. gxf6 Kg6 45. Bg5 Be6 46. Bh4 Kh5 47. Bg3 e4 48. Ke3 Bd5 49. Kd4 Kg6 50. Kxd5 e3 51. Ke4 Kxf6 52. Kxe3 Ke6 53. Kd4 Kd7 54. Kc5 Kc8 55. Kb6 b4 56. cxb4 a5 57. bxa5 Kd7 58. a6 Ke6 59. a7 Kd5 60. a8=Q+ Kd4 61. Bf2+ Kd3 62. Qf3+ Kc2 63. Qe2+ Kb1 64. b3 c3 65. Qd3+ c2 66. Qxc2+ Kxc2 67. a4 Kb2 68. a5 Kxb3 69. a6 Kb4 70. a7 Kb3 71. a8=Q Kc3 72. Qa5+ Kc2 73. Qe5 Kd3 74. Qe3+ Kc2 75. Be1 Kd1 76. Qd2# 1-0


[Site "https://www.chess.com"]

[Event "Titled Tuesday Blitz January 10 Early 2023"]
[White "Kvaloy, Aksel Bu"]
[Black "Gutkin, Ilya"]
[WhiteFideId "1528815"]
[BlackFideId "16203470"]
[WhiteElo "2321"]
[BlackElo "2273"]
[Result "1-0"]
[Round "07"]
[TimeControl "180+2"]
[Date "2023.01.10"]
[WhiteClock "0:01:50"]
[BlackClock "0:00:02"]

1. d4 e6 2. e4 d5 3. Nd2 c5 4. Ngf3 cxd4 5. exd5 Qxd5 6. Bc4 Qd6 7. O-O Nf6 8. Nb3 Nc6 9. Nbxd4 Nxd4 10. Nxd4 a6 11. Re1 Qc7 12. Bf1 Bd6 13. Nf5 Bxh2+ 14. Kh1 O-O 15. Nxg7 Kxg7 16. Qd4 e5 17. Qh4 Ng4 18. Be2 Qa5 19. Bg5 Bf4 20. Bxg4 Bxg4 21. Qxg4 f5 22. Qh5 Rae8 23. Bxf4 exf4 24. Rxe8 Rf6 25. Re7+ Kf8 26. Qe8# 1-0


[Site "https://www.chess.com"]